 Seeded DCSS version 0.28.0-43-g3370ac3207 (webtiles) character file.

Game seed: 9871404364189446373 (custom seed)

4671 croobank the Blocker (level 10, -11/65 (82) HPs)
             Began as a Gnoll Fighter on Mar 25, 2022.
             Mangled by Duvessa
             ... wielding a +2 short sword of draining
              (16 damage)
             ... on level 7 of the Dungeon.
             The game lasted 00:40:00 (8988 turns).

croobank the Blocker (Gnoll Fighter)                Turns: 8988, Time: 00:40:01

HP:   -11/65 (82)   AC: 14    Str: 19    XL:     10   Next: 44%
MP:   2/17          EV: 13    Int:  7    God:
Gold: 427           SH:  6    Dex: 13    Spells: 6/19 levels left

rFire   . . .      SeeInvis .   a - +1 war axe
rCold   . . .      Faith    .   c - +0 buckler
rNeg    + . .      Spirit   .   l - +0 acid dragon scales
rPois   .          Reflect  .   H - +2 hat
rElec   .          Harm     .   (no cloak)
rCorr   +          Rampage  .   (no gloves)
Will    .....                   (no boots)
Stlth   +++.......              (no amulet)
HPRegen 0.20/turn               A - ring of positive energy
MPRegen 0.15/turn               x - +4 ring of protection

@: freezing walls, heavily drained
A: fangs 1, strong nose, distributed training
a: no special abilities


You were on level 7 of the Dungeon.
You visited 1 branch of the dungeon, and saw 7 of its levels.

You collected 427 gold pieces.

Inventory:

Hand Weapons
 a - a +1 war axe (weapon)
 b - the +1 hunting sling of Fear {vorpal, +Blink rElec MP-9 SInv}
   (You found it on level 6 of the Dungeon)

   Any ammunition fired from it inflicts extra damage upon your enemies.
   rElec:     It insulates you from electricity.
   MP:        It affects your magic capacity (-9).
   SInv:      It lets you see invisible.
   +Blink:    It lets you blink.
 d - a +1 whip of flaming
 w - a +0 scimitar
 D - a +0 flail of pain
 I - a +0 quick blade
Missiles
 e - 139 stones
 i - 174 arrows
 k - 90 sling bullets
 m - a throwing net
 o - 3 poisoned darts
 p - 2 boomerangs (quivered)
Armour
 c - a +0 buckler (worn)
 l - +0 acid dragon scales (worn)
 z - a +0 chain mail
 C - a +0 scale mail
 F - a +4 chain mail
 H - a +2 hat (worn)
Jewellery
 u - a ring of protection from cold
 x - a +4 ring of protection (right hand)
 A - a ring of positive energy (left hand)
 E - a +6 ring of dexterity
Wands
 h - a wand of mindburst (3)
 B - a wand of flame (26)
 G - a wand of acid (6)
Scrolls
 f - 6 scrolls of amnesia {amnesia, unknown}
 g - a scroll of holy word {holy word, unknown}
 j - a scroll of vulnerability {vulnerability, unknown}
 q - 5 scrolls of identify {identify, unknown}
 r - 3 scrolls of teleportation {teleport}
 s - 2 scrolls of immolation {immolation, unknown}
 v - a scroll of blinking {blinking, unknown}
 y - a scroll of noise {noise, unknown}
 J - a scroll of fog
Potions
 n - 2 potions of attraction {attraction, unknown}
 t - 3 potions of flight {flight, unknown}


   Skills:
 + Level 8.5 Fighting
 + Level 5.3 Short Blades
 + Level 5.3 Long Blades
 + Level 7.1 Axes
 + Level 5.3 Maces & Flails
 + Level 5.3 Polearms
 + Level 5.3 Staves
 + Level 5.3 Slings
 + Level 5.3 Bows
 + Level 5.3 Crossbows
 + Level 5.3 Throwing
 + Level 8.5 Armour
 + Level 5.3 Dodging
 + Level 5.3 Stealth
 + Level 8.5 Shields
 + Level 5.3 Unarmed Combat
 + Level 5.3 Spellcasting
 + Level 4.3 Conjurations
 + Level 4.3 Hexes
 + Level 4.3 Summonings
 + Level 4.3 Necromancy
 + Level 4.3 Translocations
 + Level 4.3 Transmutations
 + Level 4.3 Fire Magic
 + Level 4.3 Ice Magic
 + Level 4.3 Air Magic
 + Level 4.3 Earth Magic
 + Level 4.3 Poison Magic
 + Level 5.8 Invocations
 + Level 5.3 Evocations


You had 6 spell levels left.
You knew the following spells:

 Your Spells              Type           Power      Damage    Failure   Level
a - Beastly Appendage     Tmut           14%        N/A       7%          1
b - Sting                 Tmut/Pois      28%        1d4       7%          1
c - Freeze                Ice            28%        1d5       7%          1
d - Poisonous Vapours     Pois/Air       14%        N/A       11%         2
e - Wereblood             Tmut           7%         N/A       11%         2
f - Frozen Ramparts       Ice            14%        1d3       22%         3
g - Mephitic Cloud        Conj/Pois/Air  7%         N/A       22%         3

Your spell library contained the following spells:

 Spells                   Type           Power      Damage    Failure   Level
 Ignite Poison            Fire/Tmut/Pois 7%         N/A       22%         3
 Spider Form              Tmut/Pois      7%         N/A       22%         3
 Hailstorm                Conj/Ice       7%         3d4       56%         4
 Olgreb's Toxic Radiance  Pois           7%         N/A       56%         4
 Freezing Cloud           Conj/Ice/Air   3%         6-21      89%         5


Dungeon Overview and Level Annotations

Branches:
Dungeon (7/15)
 Temple: D:4-7

Altars:
Elyvilon

Shops:
D:6 **

Annotations:
D:7 Duvessa


Innate Abilities, Weirdness & Mutations

You have very sharp teeth.
Your uncanny sense of smell can sniff out nearby items.
Your experience applies equally to all skills.


Message History

You hit Duvessa but do no damage. You claw Duvessa, but do no damage.
You headbutt Duvessa, but do no damage.
Duvessa is severely wounded.
The wall freezes Duvessa.
Duvessa barely misses you.
You hit Duvessa but do no damage. You claw Duvessa, but do no damage.
Duvessa is severely wounded.
The wall freezes Duvessa but does no damage.
Duvessa barely misses you.
The wall freezes Duvessa.
Duvessa hits you with a +2 short sword of draining!
You partially resist.
You feel drained.
Unknown command.
You hit Duvessa but do no damage. You headbutt Duvessa, but do no damage.
Duvessa is severely wounded.
The frozen ramparts melt away.
Duvessa hits you with a +2 short sword of draining!
* * * LOW HITPOINT WARNING * * *
You partially resist.
You feel drained. You block Duvessa's attack.
You hit Duvessa but do no damage. You claw Duvessa, but do no damage.
Your headbutt misses Duvessa.
Duvessa is severely wounded.
Duvessa hits you but does no damage. You partially resist.
Duvessa hits you with a +2 short sword of draining.
* * * LOW HITPOINT WARNING * * *
You partially resist.
You feel drained.
Casting: Sting (safe; 7% risk of failure)
Confirm with . or Enter, or press ? or * to list all spells.
Casting: Frozen Ramparts (dangerous; 22% risk of failure)
Press: ? - help, Dir - look around, f - activate The walls around you are covered in ice.
Your horns disappear.
Your talons disappear.
Your +2 hat unmelds from your body.
The wall freezes Duvessa.
Duvessa hits you with a +2 short sword of draining!
* * * LOW HITPOINT WARNING * * *
You partially resist.
You feel drained.
* * * LOW HITPOINT WARNING * * *
You hit Duvessa but do no damage.
Duvessa is almost dead.
The wall freezes Duvessa.
You block Duvessa's attack.
The wall freezes Duvessa.
Duvessa hits you with a +2 short sword of draining!
You die...

#... #.## . ###
....####.##
......e@..###.##
....####.......#
. #.######. #.##
#..####### ###
##........ ..#
#......≈≈ #.#
#....≈≈≈≈ #.#
#..≈≈≈≈≈≈


You could see Duvessa (berserk, poisoned).

Vanquished Creatures
  Pikel (D:5)
  Maggie (D:7)
  A gargoyle (D:7)
  2 unseen horrors (D:6)
  A steam dragon (D:7)
  Menkaure (D:5)
  An acid dragon (D:5)
  2 water moccasins
  2 sky beasts (D:5)
  2 black bears
  3 ogres
  A necrophage (D:6)
  3 centaurs
  A lemure (D:5)
  A phantom (D:5)
  2 bullfrogs
  2 scorpions (D:5)
  A wyvern zombie (D:7)
  A wyvern skeleton (D:6)
  Dowan (D:7)
  2 water moccasin skeletons (D:6)
  A killer bee (D:6)
  An electric eel (D:7)
  A centaur zombie (D:6)
  A bullfrog zombie (D:6)
  4 hounds
  4 jellies (D:6)
  A centaur skeleton (D:7)
  3 orc priests
  2 bullfrog skeletons
  5 iguanas
  Ijyb (D:5)
  3 orc wizards
  4 gnolls (D:7)
  3 adders
  2 river rats (D:5)
  3 shadow imps
  A white imp (D:5)
  An ufetubus (D:6)
  2 adder skeletons (D:4)
  A worm (D:2)
  2 dart slugs
  19 orcs
  8 ball pythons
  12 endoplasms
  8 goblins
  3 hobgoblins
  7 jackals (D:4)
  3 quokkas
  8 bats
  3 frilled lizards
  2 kobolds
  2 rats (D:2)
153 creatures vanquished.

Vanquished Creatures (others)
  An orc (D:7)
1 creature vanquished.

Grand Total: 154 creatures vanquished

Notes
Turn   | Place    | Note
-------+----------+-------------------------------------------
     0 | D:1      | croobank the Gnoll Fighter began the quest for the Orb.
     0 | D:1      | Reached XP level 1. HP: 23/23 MP: 1/1
   135 | D:1      | Reached XP level 2. HP: 26/29 MP: 2/2
   542 | D:2      | Reached XP level 3. HP: 35/35 MP: 3/3
   734 | D:2      | Reached skill level 1 in Invocations
  1271 | D:1      | Reached skill level 1 in Short Blades
  1271 | D:1      | Reached skill level 1 in Long Blades
  1271 | D:1      | Reached skill level 1 in Maces & Flails
  1271 | D:1      | Reached skill level 1 in Polearms
  1271 | D:1      | Reached skill level 1 in Staves
  1271 | D:1      | Reached skill level 1 in Slings
  1271 | D:1      | Reached skill level 1 in Bows
  1271 | D:1      | Reached skill level 1 in Crossbows
  1271 | D:1      | Reached skill level 1 in Throwing
  1271 | D:1      | Reached skill level 1 in Dodging
  1271 | D:1      | Reached skill level 1 in Stealth
  1271 | D:1      | Reached skill level 1 in Unarmed Combat
  1271 | D:1      | Reached skill level 1 in Spellcasting
  1271 | D:1      | Reached skill level 1 in Evocations
  1589 | D:3      | Reached XP level 4. HP: 35/41 MP: 5/5
  1869 | D:3      | Reached skill level 1 in Conjurations
  1869 | D:3      | Reached skill level 1 in Hexes
  1869 | D:3      | Reached skill level 1 in Summonings
  1869 | D:3      | Reached skill level 1 in Necromancy
  1869 | D:3      | Reached skill level 1 in Translocations
  1869 | D:3      | Reached skill level 1 in Transmutations
  1869 | D:3      | Reached skill level 1 in Fire Magic
  1869 | D:3      | Reached skill level 1 in Ice Magic
  1869 | D:3      | Reached skill level 1 in Air Magic
  1869 | D:3      | Reached skill level 1 in Earth Magic
  1869 | D:3      | Reached skill level 1 in Poison Magic
  2175 | D:3      | Reached XP level 5. HP: 44/47 MP: 6/6
  2335 | D:5      | Entered Level 5 of the Dungeon
  2407 | D:4      | Noticed an ogre
  2412 | D:4      | Killed an ogre
  2412 | D:4      | Noticed a black bear
  2413 | D:4      | Reached XP level 6. HP: 47/53 MP: 8/8
  2419 | D:4      | Killed a black bear
  2420 | D:4      | Reached skill level 5 in Axes
  2874 | D:4      | Learned a level 1 spell: Beastly Appendage
  2876 | D:4      | Learned a level 1 spell: Sting
  2910 | D:5      | Noticed a water moccasin
  2940 | D:4      | Killed a water moccasin
  2941 | D:4      | Reached XP level 7. HP: 9/59 MP: 10/10
  3450 | D:5      | Noticed Menkaure
  3465 | D:5      | Killed Menkaure
  3928 | D:5      | Reached XP level 8. HP: 66/67 MP: 10/12
  3958 | D:5      | Noticed Ijyb
  3966 | D:5      | Killed Ijyb
  4467 | D:6      | Found a white marble altar of Elyvilon.
  4669 | D:5      | Noticed Pikel
  4695 | D:5      | Killed Pikel
  4696 | D:5      | Reached XP level 9. HP: 54/72 MP: 12/14
  6042 | D:6      | Killed an unseen horror
  6129 | D:6      | Found Repp's General Store.
  6133 | D:6      | Found Koociuz's Specific Store.
  6253 | D:6      | Reached skill level 5 in Invocations
  6563 | D:7      | Noticed a gargoyle
  6564 | D:7      | Noticed Duvessa
  6796 | D:6      | Identified the +1 hunting sling of Fear {vorpal, +Blink
                  | rElec MP-9 SInv}
  6891 | D:6      | Learned a level 1 spell: Freeze
  6894 | D:6      | Learned a level 2 spell: Poisonous Vapours
  6897 | D:6      | Learned a level 2 spell: Wereblood
  6901 | D:6      | Learned a level 3 spell: Frozen Ramparts
  6905 | D:6      | Learned a level 3 spell: Mephitic Cloud
  7169 | D:6      | Killed an unseen horror
  7170 | D:6      | Reached XP level 10. HP: 70/80 MP: 3/17
  7668 | D:7      | Killed a gargoyle
  7669 | D:7      | Reached skill level 5 in Short Blades
  7669 | D:7      | Reached skill level 5 in Long Blades
  7669 | D:7      | Reached skill level 5 in Maces & Flails
  7669 | D:7      | Reached skill level 5 in Polearms
  7669 | D:7      | Reached skill level 5 in Staves
  7669 | D:7      | Reached skill level 5 in Slings
  7669 | D:7      | Reached skill level 5 in Bows
  7669 | D:7      | Reached skill level 5 in Crossbows
  7669 | D:7      | Reached skill level 5 in Throwing
  7669 | D:7      | Reached skill level 5 in Dodging
  7669 | D:7      | Reached skill level 5 in Stealth
  7669 | D:7      | Reached skill level 5 in Unarmed Combat
  7669 | D:7      | Reached skill level 5 in Spellcasting
  7669 | D:7      | Reached skill level 5 in Evocations
  8557 | D:7      | Noticed Maggie
  8582 | D:7      | Killed Maggie
  8965 | D:7      | Identified the +17 plate armour of the End {Will++ Int+6
                  | Dex+3}
  8965 | D:7      | Noticed Dowan
  8971 | D:7      | Killed Dowan
  8988 | D:7      | Mangled by Duvessa

Illustrated notes

Levels and vault maps discovered:
D:1:      onia_arrival_mini_maze_b, layout_basic, bh_walls_and_bars
D:2:      layout_basic, serial_glass, glass_columns_c, glass_columns_b,
          nrook_campfire, minmay_tripent
D:3:      layout_basic, minmay_misc_feat_encased
D:4:      layout_cave_pools
D:5:      layout_basic, cheibrodos_sewer_entry_sluice, uniq_ijyb, uniq_pikel,
          uniq_menkaure
D:6:      cheibrodos_fzero, layout_basic, mainiacjoe_overflow_tiny_flanked,
          nicolae_specific_store, minmay_starry_boxes
D:7:      layout_loops_ring, temple_pool_b, minivault_4, grunt_decor_junction,
          uniq_crazy_yiuf_cottage, uniq_maggie, uniq_duvessa

Skill      XL: |  1  2  3  4  5  6  7  8  9 10 |
---------------+-------------------------------+-----
Invocations    | 1 2 3 4 5 |  5.8
Short Blades   | 1 2 3 4 5 |  5.3
Long Blades    | 1 2 3 4 5 |  5.3
Maces & Flails | 1 2 3 4 5 |  5.3
Polearms       | 1 2 3 4 5 |  5.3
Staves         | 1 2 3 4 5 |  5.3
Slings         | 1 2 3 4 5 |  5.3
Bows           | 1 2 3 4 5 |  5.3
Crossbows      | 1 2 3 4 5 |  5.3
Throwing       | 1 2 3 4 5 |  5.3
Dodging        | 1 2 3 4 5 |  5.3
Stealth        | 1 2 3 4 5 |  5.3
Unarmed Combat | 1 2 3 4 5 |  5.3
Spellcasting   | 1 2 3 4 5 |  5.3
Evocations     | 1 2 3 4 5 |  5.3
Conjurations   | 1 2 3 4 |  4.3
Hexes          | 1 2 3 4 |  4.3
Summonings     | 1 2 3 4 |  4.3
Necromancy     | 1 2 3 4 |  4.3
Translocations | 1 2 3 4 |  4.3
Transmutations | 1 2 3 4 |  4.3
Fire Magic     | 1 2 3 4 |  4.3
Ice Magic      | 1 2 3 4 |  4.3
Air Magic      | 1 2 3 4 |  4.3
Earth Magic    | 1 2 3 4 |  4.3
Poison Magic   | 1 2 3 4 |  4.3
Axes           | 5 6 7 |  7.1
Fighting       | 7 8 |  8.5
Armour         | 7 8 |  8.5
Shields        | 7 8 |  8.5

Action                   |  1- 3 |  4- 6 |  7- 9 | 10-12 || total
-------------------------+-------+-------+-------+-------++-------
Melee: War axe           |   105 |   101 |   277 |   116 ||   599
       Bite              |    11 |    10 |    33 |    21 ||    75
       Kick              |       |       |     2 |    13 ||    15
       Headbutt          |       |       |     2 |     7 ||     9
Throw: Boomerang         |       |    11 |    11 |     3 ||    25
 Cast: Sting             |       |       |     3 |     6 ||     9
       Beastly Appendage |       |       |     1 |     6 ||     7
       Frozen Ramparts   |       |       |     3 |    15 ||    18
       Mephitic Cloud    |       |       |     1 |       ||     1
       Poisonous Vapours |       |       |       |     4 ||     4
       Freeze            |       |       |       |     1 ||     1
       Wereblood         |       |       |       |     1 ||     1
  Use: Potion            |       |     5 |     2 |       ||     7
       Scroll            |       |       |     5 |     1 ||     6
 Stab: Sleeping          |       |       |     1 |       ||     1
       Distracted        |       |       |       |     1 ||     1
Armor: Scale mail        |    58 |    39 |    78 |       ||   175
       Acid dragon scale |       |       |   106 |    45 ||   151
Dodge: Dodged            |    37 |    49 |   164 |    65 ||   315
Block: Buckler           |    29 |    28 |   110 |    43 ||   210
